 Dungeon Crawl Stone Soup version 0.26-a0-649-gf8c6c3aab7 (webtiles) character file.

Game seed: 11418093480655391940

280 looop the Cutter (level 6, -14/55 HPs)
             Began as a Palentonga Fighter on Sept 27, 2020.
             Demolished by Menkaure (15 damage)
             ... on level 4 of the Dungeon.
             The game lasted 00:03:14 (3039 turns).

looop the Cutter (Palentonga Fighter)               Turns: 3039, Time: 00:03:14

Health: -14/55     AC: 13    Str: 21    XL:     6   Next: 5%
Magic:  6/6        EV:  3    Int:  4    God:
Gold:   166        SH:  9    Dex: 10    Spells: 5/5 levels left

rFire    . . .     SeeInvis +   a - +0 rapier
rCold    . . .     Faith    .   c - +0 kite shield
rNeg     . . .     Spirit   .   t - +0 chain mail
rPois    .         Reflect  .   (no helmet)
rElec    .         Harm     .   r - +1 cloak
rCorr    .         Rampage  .   m - +2 pair of gloves
MR       .....                  (no barding)
Stlth    ..........             (no amulet)
HPRegen  0.18/turn              q - -4 ring of intelligence (curse)
MPRegen  0.10/turn              (no ring)

@: lethally poisoned (-14 -> -17)
A: large, rugged brown scales 3, see invisible, deformed body, roll, armoured
tail
a: Rolling Charge


You were on level 4 of the Dungeon.
You visited 1 branch of the dungeon, and saw 4 of its levels.

You collected 166 gold pieces.

Inventory:

Hand Weapons
 a - a +0 rapier (weapon)
Armour
 c - a +0 kite shield (worn)
 m - a +2 pair of gloves (worn)
 r - a +1 cloak (worn)
 t - a +0 chain mail (worn)
Jewellery
 q - a cursed -4 ring of intelligence (left hand)
Scrolls
 f - 2 scrolls of immolation {unknown}
 g - a scroll of identify {unknown}
 j - a scroll of fear {unknown}
 l - 2 scrolls of blinking {unknown}
 n - a scroll of enchant weapon {unknown}
 o - 2 scrolls of teleportation {unknown}
 s - a scroll of amnesia {unknown}
Potions
 d - a potion of might
 e - a potion of ambrosia {unknown}
 h - 2 potions of brilliance {unknown}
 i - 2 potions of heal wounds {unknown}
 k - a potion of berserk rage {unknown}
 p - a potion of curing {unknown}


   Skills:
 + Level 4.2 Fighting
 * Level 4.8 Short Blades
 - Level 3.0 Armour
 - Level 2.8 Shields


You had 5 spell levels left.
You didn't know any spells.
Your spell library was empty.

Dungeon Overview and Level Annotations

Branches:
Dungeon (4/15)
 Temple: D:4-7

Altars:
Gozag
Nemelex Xobeh

Annotations:
D:4 Menkaure


Innate Abilities, Weirdness & Mutations

You are completely covered in rugged brown scales. (AC +3, +7% HP)
You have supernaturally acute eyesight. (SInv)
Armour fits poorly on your strangely shaped body.
You can roll at foes to attack.
You have a long armoured tail.


Message History

The worker ant bites you but does no damage.
You hit the worker ant.
You kill the worker ant!
You have reached level 6!
Your experience leads to an increase in your attributes!
Your base attributes are Str 20, Int 8, Dex 10.
Increase (S)trength, (I)ntelligence, or (D)exterity?
You feel stronger.
You feel sick. There's nothing you can charge at!
Unknown command.
You hit Menkaure but do no damage. You tail-slap Menkaure.
Menkaure is heavily damaged.
Menkaure hits you but does no damage.
You barely miss Menkaure.
Menkaure is heavily damaged.
You feel sick. Menkaure hits you!
* * * LOW HITPOINT WARNING * * *
Menkaure hits you!
You die...

#.# . ..# ###.
..# # ..#.#####.#
#.#.#.......#
.####.#.#.#.#...#
..........#....[#
#M#.##....#######
#@#.##...........
#.#..#.#.......##
#)##.#<.#.######
#)##....#.# #
#)####.##.#
....#.......#<.
#..!...(...#.#
##.#####.......
... ....#.#..


You could see Menkaure (fast).

Vanquished Creatures
  2 worker ants
  Natasha (thrice) (D:2)
  4 gnolls (D:4)
  3 adders
  2 oozes
  2 worms (D:3)
  5 leopard geckos
  4 orcs (D:3)
  A ball python (D:3)
  6 bats
  4 giant cockroaches
  6 hobgoblins
  4 jackals (D:1)
  A quokka (D:3)
  4 frilled lizards
  8 goblins
  4 kobolds
  9 rats
72 creatures vanquished.

Notes
Turn   | Place    | Note
-------+----------+-------------------------------------------
     0 | D:1      | looop the Palentonga Fighter began the quest for the Orb.
     0 | D:1      | Reached XP level 1. HP: 20/20 MP: 1/1
   317 | D:1      | Reached XP level 2. HP: 27/27 MP: 2/2
   678 | D:1      | Reached XP level 3. HP: 33/33 MP: 3/3
  1514 | D:2      | Noticed Natasha
  1516 | D:2      | Killed Natasha
  1516 | D:2      | Reached XP level 4. HP: 40/40 MP: 4/4
  1733 | D:2      | Noticed Natasha
  1741 | D:2      | Killed Natasha
  1851 | D:2      | Found an opulent altar of Gozag.
  1852 | D:2      | Found a sparkling altar of Nemelex Xobeh.
  1916 | D:2      | Reached XP level 5. HP: 49/49 MP: 5/5
  1926 | D:2      | Noticed Natasha
  1947 | D:2      | Killed Natasha
  3019 | D:4      | Noticed Menkaure
  3037 | D:4      | Reached XP level 6. HP: 15/55 MP: 6/6
  3039 | D:4      | HP: 1/55 [Menkaure (13)]
  3039 | D:4      | Demolished by Menkaure

Illustrated notes

Levels and vault maps discovered:
D:1:      elethiomel_arrival_infinity_welcomes_careful_drivers, layout_basic
D:2:      layout_loops_ring, grunt_temple_overflow_opulence,
          kennysheep_generic_room_14, uniq_natasha
D:3:      layout_basic
D:4:      layout_basic, uniq_menkaure

Skill      XL: |  1  2  3  4  5 |
---------------+----------------+-----
Short Blades   | 3 4 |  4.8
Armour         | 3 |  3.0
Fighting       | 4 |  4.2
Shields        | |  2.8

Action                   |  1- 3 |  4- 6 || total
-------------------------+-------+-------++-------
Melee: Rapier            |    87 |   168 ||   255
       Tailslap          |    11 |    26 ||    37
 Abil: Rolling Charge    |     7 |    15 ||    22
Armor: Scale mail        |    30 |    61 ||    91
       Chain mail        |       |    10 ||    10
Dodge: Dodged            |    17 |    22 ||    39
Block: Kite shield       |    36 |    74 ||   110

Table legend: (Time is in decaauts)
 A = Elapsed time spent in this place.
 B = Non-inter-level travel time spent in this place.
 C = Inter-level travel time spent in this place.
 D = Time resting spent in this place.
 E = Time spent auto-exploring this place.
 F = Levels seen in this place.
 G = Mean time per level.
                   A        B        C        D        E       F      G
               +--------+--------+--------+--------+--------+-----+--------+
         Total |   3064 |   3012 |     52 |    274 |   2253 |   4 |  766.0 |
       Dungeon |   3064 |   3012 |     52 |    274 |   2253 |   4 |  766.0 |
               +--------+--------+--------+--------+--------+-----+--------+

Top non-repeatable levels by time:
     D:2: 1271 daAuts
     D:1: 1072 daAuts
     D:3: 648 daAuts
     D:4: 72 daAuts
